 Dungeon Crawl Stone Soup version 0.13.0-29-gdb529de (webtiles) character file.

188 M4edhros the Practitioner (level 3, 0/24 HPs)
             Began as an Octopode Healer on Nov 13, 2013.
             Was a Believer of Elyvilon.
             Slain by a gnoll
             ... wielding a +0,+0 flail
              (8 damage)
             ... on Level 2 of the Dungeon.
             The game lasted 00:03:17 (1592 turns).

M4edhros the Practitioner (Octopode Healer)         Turns: 1592, Time: 00:03:17

HP   0/24        AC  1     Str 11      XL: 3   Next: 83%
MP   3/6         EV 13     Int 15      God: Elyvilon [**....]
Gold 137         SH  0     Dex 11      Spells:  0 memorised,  2 levels left

Res.Fire  : . . .   See Invis. : .   h - +0 spear
Res.Cold  : . . .   Warding    : .   (no shield)
Life Prot.: . . .   Conserve   : .   (helmet restricted)
Res.Poison: .       Res.Corr.  : .   (no amulet)
Res.Elec. : .       Clarity    : .   (no ring)
Sust.Abil.: . .     Spirit.Shd : .   (no ring)
Res.Mut.  : .       Stasis     : .   (no ring)
Res.Rott. : .       Flight     : .   (no ring)
Saprovore : . . .                    (no ring)
                                     (no ring)
                                     (no ring)
                                     (no ring)

@: not resistant to hostile enchantments, fairly stealthy
A: almost no armour, amphibious, 8 rings, constrict 8, camouflage 1, AC +1
a: Lesser Healing, Lesser Self-Healing, Divine Protection, Purification,
Renounce Religion


You were on level 2 of the Dungeon.
You worshipped Elyvilon.
Elyvilon was pleased with you.
You were not hungry.

You visited 1 branch of the dungeon, and saw 2 of its levels.

You collected 37 gold pieces.

Inventory:

Hand weapons
 h - a +0,+0 spear (weapon)
Comestibles
 d - a bread ration
 f - a meat ration
Scrolls
 a - 2 scrolls of remove curse {unknown}
 b - a scroll of recharging {unknown}
 c - a scroll of identify {unknown}
 g - a scroll of enchant weapon I {unknown}
Potions
 e - a potion of heal wounds


   Skills:
 - Level 2.0 Fighting
 + Level 3.3 Dodging
 + Level 4.7 Invocations


You had 2 spell levels left.
You didn't know any spells.

Dungeon Overview and Level Annotations

Branches:
Dungeon (2/27)

Altars:
Okawaru


Innate Abilities, Weirdness & Mutations

You cannot wear most types of armour.
You are amphibious.
You can wear up to eight rings at the same time.
You can use your tentacles to constrict many enemies at once.
Your skin changes colour to match your surroundings (Stlth).
Your rubbery body absorbs attacks (AC +1).


Message History

The rat bites you but does no damage.
Wield which item (- for none, * to show all)? (? for menu, Esc to quit)
h - an uncursed spear (weapon)
You hit the rat.
You kill the rat!
You hit the gnoll but do no damage. Your grab misses the gnoll.
You squeeze the gnoll, but do no damage.
The gnoll barely misses you.
You closely miss the gnoll. You grab the gnoll. You constrict the gnoll.
The gnoll closely misses you.
You hit the gnoll but do no damage.
The gnoll is lightly wounded.
You constrict the gnoll, but do no damage.
The gnoll hits you with a flail!
Ouch! That really hurt!
* * * LOW HITPOINT WARNING * * *
Use which ability? (? or * to list)
You are healed.
You feel somewhat more hungry.
You constrict the gnoll. The gnoll hits you with a flail!
You die...

#......##...##...#
#.####...........#
#####%##
###.....#####
#......# ###..##
#......# #.##
#......#
###.########
#......#
#...........
#.....g#
#...........
#.....@#
#......>...
#......#
#..........
#......#
#..........
#......#
#.........
#......# #........
#####... ........
#### ...


You could see a gnoll.

Vanquished Creatures
  A gnoll (D:2)
  An ooze (D:2)
  5 bats
  A giant cockroach (D:1)
  9 hobgoblins (D:1)
  5 jackals (D:1)
  A kobold (D:2)
  4 training dummies (D:2)
  2 giant newts (D:1)
  A goblin (D:1)
  4 rats
34 creatures vanquished.

Notes
Turn   | Place    | Note
--------------------------------------------------------------
     0 | D:1      | M4edhros, the Octopode Healer, began the quest for the Orb.
     0 | D:1      | Reached XP level 1. HP: 14/14 MP: 2/2
   354 | D:1      | Reached XP level 2. HP: 9/19 MP: 4/4
   903 | D:1      | Reached XP level 3. HP: 21/24 MP: 6/6
  1339 | D:2      | Found an iron altar of Okawaru.
  1592 | D:2      | Slain by a gnoll

Action                   || total
-------------------------++-------
Melee: Unarmed           ||   123
       Spear             ||     4
Invok: Lesser Healing    ||     8
       Lesser Self-Heali ||     2
  Use: Potion            ||     4
 Stab: Sleeping          ||     3
